 Dungeon Crawl Stone Soup version 0.27-a0-686-gaed091b46b (webtiles) character file.

Game seed: 2035874374321290015

25 Allula97 the Skirmisher (level 2, -1/24 HPs)
             Began as a Demonspawn Monk on Mar 21, 2021.
             Slain by an adder (2 damage)
             ... on level 2 of the Dungeon.
             The game lasted 00:01:39 (1022 turns).

Allula97 the Skirmisher (Demonspawn Monk)           Turns: 1022, Time: 00:01:40

Health: -1/24      AC:  2    Str: 11    XL:     2   Next: 82%
Magic:  2/2        EV: 13    Int: 13    God:
Gold:   65         SH:  0    Dex: 15    Spells: 1/1 levels left

rFire    . . .     SeeInvis .   c - +0 dagger (freeze)
rCold    . . .     Faith    .   (no shield)
rNeg     . . .     Spirit   .   b - +0 robe
rPois    .         Reflect  .   (no helmet)
rElec    .         Harm     .   (no cloak)
rCorr    .         Rampage  .   (no gloves)
Will     .....                  (no boots)
Stlth    ++........             (no amulet)
HPRegen  0.08/turn              (no ring)
MPRegen  0.08/turn              (no ring)

@: lethally poisoned (-1 -> -13)
A: big brain 1
a: no special abilities


You were on level 2 of the Dungeon.
You visited 1 branch of the dungeon, and saw 2 of its levels.

You collected 65 gold pieces.

Inventory:

Hand Weapons
 a - a +0 falchion
 c - a +0 dagger of freezing (weapon)
Armour
 b - a +0 robe (worn)
Scrolls
 d - a scroll of identify {unknown}
 e - a scroll of fog


   Skills:
 * Level 3.3 Fighting
 * Level 0.5(1.8) Short Blades
 - Level 2.7 Long Blades
 * Level 0.4 Armour
 * Level 3.0 Dodging
 * Level 2.0 Stealth


You had one spell level left.
You didn't know any spells.
Your spell library was empty.

Dungeon Overview and Level Annotations

Branches:
Dungeon (2/15)

Altars:
The Shining One


Innate Abilities, Weirdness & Mutations

You have an unusually large brain. (Int +2)


Message History

The adder is almost dead.
The adder is no longer moving slowly.
The adder closely misses you.
You hit the adder. You freeze the adder.
You kill the adder!
You feel sick.
Your Dodging skill increases to level 3!
Your Stealth skill increases to level 2!
You hit the adder. You freeze the adder.
The adder is heavily wounded.
The adder closely misses you.
You hit the adder but do no damage.
The adder is heavily wounded.
You feel sick. The adder barely misses you. The adder bites you.
You are lethally poisoned!
The adder poisons you!
You closely miss the adder.
The adder is heavily wounded.
The adder bites you.
* * * LOW HITPOINT WARNING * * *
You are more poisoned.
The adder poisons you!
You closely miss the adder.
The adder is heavily wounded.
* * * LOW HITPOINT WARNING * * *
You feel sick. The adder bites you.
* * * LOW HITPOINT WARNING * * *
You miss the adder.
The adder is heavily wounded.
* * * LOW HITPOINT WARNING * * *
You feel sick. The adder closely misses you.
You barely miss the adder.
The adder is heavily wounded.
* * * LOW HITPOINT WARNING * * *
You feel sick. The adder bites you but does no damage.
You aren't carrying any potions.
As you read the scroll labelled MIL VOIV IHAISS, it crumbles to dust.
The scroll dissolves into smoke.
It was a scroll of fog.
* * * LOW HITPOINT WARNING * * *
You feel sick. The adder bites you.
You die...

####.>.####.#######
.........##........
###....#.##..######
.)..<..#.##..####
###.)...........# #
##.#######.##.# # #
#.# #.##§###.# #.#
#..§§§§§.# ##+##
#####@#### ##...##
#S# ##.....## #§#
#...<...## #.#
.........# ...
.........+ ...
.........# .....
#.......## .##.#
##.....## ## .#


You could see an adder.

Vanquished Creatures
  An adder (D:2)
  An ooze (D:1)
  3 goblins
  A hobgoblin (D:2)
  3 jackals (D:1)
  A bat (D:1)
  A kobold (D:1)
11 creatures vanquished.

Notes
Turn   | Place    | Note
-------+----------+-------------------------------------------
     0 | D:1      | Allula97 the Demonspawn Monk began the quest for the Orb.
     0 | D:1      | Reached XP level 1. HP: 18/18 MP: 1/1
   555 | D:1      | Gained mutation: You have an unusually large brain. (Int
                  | +2) [demonic ancestry]
   555 | D:1      | Reached XP level 2. HP: 21/24 MP: 2/2
  1022 | D:2      | HP: 1/24 [poisoned by an adder]
  1022 | D:2      | Slain by an adder

Illustrated notes

Levels and vault maps discovered:
D:1:      dpeg_arrival_pond, layout_loops_cross, tso_altar
D:2:      layout_loops_corners, marbit_many_paths, uniq_natasha

Skill      XL: |  1  2 |
---------------+-------+-----
Dodging        | 3 |  3.0
Stealth        | 2 |  2.0
Fighting       | |  3.3
Short Blades   | |  0.5
Long Blades    | |  2.7
Armour         | |  0.4

Action                   || total
-------------------------++-------
Melee: Dagger            ||    55
       Falchion          ||     2
  Use: Scroll            ||     1
 Stab: Sleeping          ||     1
Armor: Robe              ||     5
Dodge: Dodged            ||    33
       Rpst.: Falchion   ||     1

Table legend: (Time is in decaauts)
 A = Elapsed time spent in this place.
 B = Non-inter-level travel time spent in this place.
 C = Inter-level travel time spent in this place.
 D = Time resting spent in this place.
 E = Time spent auto-exploring this place.
 F = Levels seen in this place.
 G = Mean time per level.
                   A        B        C        D        E       F      G
               +--------+--------+--------+--------+--------+-----+--------+
         Total |   1016 |    951 |     65 |    170 |    598 |   2 |  508.0 |
       Dungeon |   1016 |    951 |     65 |    170 |    598 |   2 |  508.0 |
               +--------+--------+--------+--------+--------+-----+--------+

Top non-repeatable levels by time:
     D:1: 756 daAuts
     D:2: 260 daAuts
